 Dungeon Crawl Stone Soup version 0.28-a0-723-g095bd1b44f (webtiles) character file.

Game seed: 13616252608061210098

427 Sabo the Chopper (level 7, -8/55 HPs)
             Began as a Formicid Fighter on Oct 25, 2021.
             Mangled by an ice beast (9 damage)
             ... on level 5 of the Dungeon.
             The game lasted 00:11:19 (3104 turns).

Sabo the Chopper (Formicid Fighter)                 Turns: 3104, Time: 00:11:21

Health: -8/55      AC:  8    Str: 22    XL:     7   Next: 18%
Magic:  7/7        EV: 10    Int:  8    God:
Gold:   76         SH:  4    Dex: 10    Spells: 6/6 levels left

rFire   . . .      SeeInvis +   a - +1 war axe
rCold   . . .      Faith    .   c - +0 buckler
rNeg    . . .      Spirit   .   b - +1 scale mail
rPois   .          Reflect  .   (helmet unavailable)
rElec   .          Harm     .   (no cloak)
rCorr   .          Rampage  .   (no gloves)
Will    .....                   (no boots)
Stlth   ..........              (no amulet)
HPRegen 0.18/turn               (no ring)
MPRegen 0.10/turn               (no ring)

@: mighty
A: permanent stasis, dig shafts and tunnels, antennae 3, four strong arms
a: Dig, Shaft Self


You were on level 5 of the Dungeon.
You visited 1 branch of the dungeon, and saw 4 of its levels.

You collected 76 gold pieces.

Inventory:

Hand Weapons
 a - a +1 war axe (weapon)
 p - a +0 hunting sling
 x - a +0 shortbow
Missiles
 e - 2 datura-tipped darts
 m - 51 bolts
 o - 27 arrows
 q - a throwing net
Armour
 b - a +1 scale mail (worn)
 c - a +0 buckler (worn)
 s - a +0 chain mail
Jewellery
 w - a +4 ring of evasion
Scrolls
 f - a scroll of enchant armour
 h - a scroll of fear {unknown}
 i - a scroll of identify {unknown}
 k - a scroll of fog {unknown}
 l - a scroll of vulnerability {unknown}
 n - a scroll of magic mapping {unknown}
 r - a scroll of enchant weapon
 u - a scroll of immolation {unknown}
Potions
 d - a potion of might
 g - 2 potions of curing {unknown}
 j - 3 potions of heal wounds {unknown}
 t - a potion of berserk rage {unknown}
 v - a potion of flight {unknown}


   Skills:
 + Level 4.6 Fighting
 + Level 4.9 Axes
 + Level 4.8 Armour
 + Level 0.8 Dodging
 + Level 0.5 Stealth
 + Level 4.6 Shields


You had 6 spell levels left.
You didn't know any spells.
Your spell library contained the following spells:

 Spells                   Type           Power      Damage    Failure   Level
 Corpse Rot               Necr/Air       0%         N/A       85%         2
 Poisonous Vapours        Pois/Air       0%         N/A       85%         2


Dungeon Overview and Level Annotations

Branches:
Dungeon (3/15)

Altars:


Innate Abilities, Weirdness & Mutations

You cannot be hasted, slowed, berserked, paralysed or teleported.
You can dig through walls and to a lower floor.
You have a pair of large antennae on your head. (SInv)
Your four strong arms can wield two-handed weapons with a shield.


Message History

You closely miss the ice beast.
The ice beast is severely wounded.
You closely miss the iguana.
The ice beast hits you but does no damage.
The iguana closely misses you.
You hit the ice beast.
The ice beast is severely wounded.
You completely miss the iguana. The ice beast closely misses you.
You block the iguana's attack.
The ice beast hits you but does no damage.
You barely miss the ice beast.
The ice beast is severely wounded.
You closely miss the iguana. The iguana bites you.
The ice beast barely misses you. The iguana closely misses you.
You hit the ice beast.
The ice beast is almost dead.
You hit the iguana. The ice beast hits you. The ice beast freezes you.
The iguana bites you!
* * * LOW HITPOINT WARNING * * *
You closely miss the ice beast.
The ice beast is almost dead.
You slash the iguana!
The ice beast hits you but does no damage.
The iguana closely misses you.
You barely miss the ice beast.
The ice beast is almost dead.
You hit the iguana. The ice beast closely misses you.
The iguana barely misses you. The ice beast closely misses you.
You block the iguana's attack.
You feel very mighty all of a sudden. The ice beast barely misses you.
The iguana bites you!
* * * LOW HITPOINT WARNING * * *
You closely miss the ice beast.
The ice beast is almost dead.
You slash the iguana!
You kill the iguana!
The ice beast hits you.
* * * LOW HITPOINT WARNING * * *
The ice beast freezes you!
You die...

##### ## .....
..# #. ......
#.# . .
......##.###.#.
.#
.........(.....
.#
......#Y†##.####
.. .....
#@...)...# .####
.l..{
#......#.#......
$..
#..##..#†#......
..
#..##..#........
.
#.(##......#....
#...#.####......
#.#.#......#.###
#.#....###.#.#
#..........# #


You could see an ice beast.

Vanquished Creatures
  A black bear (D:5)
  A centaur (D:5)
  A water moccasin skeleton (D:5)
  An iguana (D:5)
  2 orc priests (D:3)
  Natasha (twice) (D:2)
  3 gnolls (D:2)
  2 adders
  2 orcs (D:3)
  7 ball pythons
  4 bats
  5 endoplasms
  2 giant cockroaches (D:1)
  5 goblins
  2 hobgoblins
  6 jackals (D:1)
  2 quokkas (D:2)
  4 frilled lizards
  4 kobolds
  4 rats
60 creatures vanquished.

Notes
Turn   | Place    | Note
-------+----------+-------------------------------------------
     0 | D:1      | Sabo the Formicid Fighter began the quest for the Orb.
     0 | D:1      | Reached XP level 1. HP: 18/18 MP: 1/1
   248 | D:1      | Reached XP level 2. HP: 24/24 MP: 2/2
   779 | D:1      | Reached XP level 3. HP: 29/29 MP: 3/3
  1302 | D:2      | Noticed Natasha
  1309 | D:2      | Killed Natasha
  1310 | D:2      | Reached XP level 4. HP: 22/37 MP: 4/4
  1602 | D:2      | Reached XP level 5. HP: 30/42 MP: 5/5
  1794 | D:2      | Noticed Natasha
  1810 | D:2      | Killed Natasha
  2739 | D:3      | Reached XP level 6. HP: 41/48 MP: 6/6
  2906 | D:3      | You fall into a shaft and drop 2 floors!
  2906 | D:5      | Entered Level 5 of the Dungeon
  2906 | D:5      | Noticed a black bear
  2920 | D:5      | Killed a black bear
  3042 | D:5      | Reached XP level 7. HP: 51/55 MP: 7/7
  3104 | D:5      | HP: 1/55 [ice beast (2)]
  3104 | D:5      | Mangled by an ice beast

Illustrated notes

Levels and vault maps discovered:
D:1:      kennysheep_arrival_forest, layout_loops_ring
D:2:      layout_basic, chequers_serial_rivers_room_a, uniq_natasha
D:3:      layout_basic, hangedman_decor_push, kennysheep_generic_room_15
D:5:      layout_basic, riverfiend_overflow_shadow_ancestor,
          mainiacjoe_overflow_six_doors_small, cheibrodos_gnoll_hut

Skill      XL: |  1  2  3  4  5  6 |
---------------+-------------------+-----
Shields        | 4 |  4.6
Axes           | 3 4 |  4.9
Armour         | 4 |  4.8
Fighting       | 4 |  4.6
Dodging        | |  0.8
Stealth        | |  0.5

Action                   |  1- 3 |  4- 6 |  7- 9 || total
-------------------------+-------+-------+-------++-------
Melee: War axe           |    75 |    83 |    15 ||   173
 Abil: Dig               |     3 |     3 |       ||     6
  Use: Scroll            |     1 |     1 |       ||     2
       Potion            |       |       |     1 ||     1
Armor: Scale mail        |    33 |    38 |     8 ||    79
Dodge: Dodged            |    37 |    42 |    15 ||    94
Block: Buckler           |    15 |    19 |     4 ||    38

Table legend: (Time is in decaauts)
 A = Elapsed time spent in this place.
 B = Non-inter-level travel time spent in this place.
 C = Inter-level travel time spent in this place.
 D = Time resting spent in this place.
 E = Time spent auto-exploring this place.
 F = Levels seen in this place.
 G = Mean time per level.
                   A        B        C        D        E       F      G
               +--------+--------+--------+--------+--------+-----+--------+
         Total |   3169 |   3169 |      0 |   1183 |      0 |   4 |  792.2 |
       Dungeon |   3169 |   3169 |      0 |   1183 |      0 |   4 |  792.2 |
               +--------+--------+--------+--------+--------+-----+--------+

Top non-repeatable levels by time:
     D:2: 1274 daAuts
     D:1: 1200 daAuts
     D:3: 489 daAuts
     D:5: 205 daAuts
